AoeStats
← Jakobob

Arabia

509619175Analyzed
1v1 RM · 4d ago on Sep 27, 2026· 28m 24s· 2 players
Game mode
Random Map
Map size
Tiny (2 player)
Population
200
Speed
Normal
Resources
Standard
Victory
Conquest
Starting age
Dark Age
Ending age
Imperial Age
RankedLock teamsTeams togetherTeam positionsShared explorationLock speedFull tech treeHidden civsTurbo modeCheats
Victory
Defeat
🇩🇪 Franks · Germany
703
+16
🇧🇷 Khitans · Brazil
712
-16
Jakobob
5:05 Loom
11:35 Feudal Age
13:15 Double-Bit Axe
18:17 Castle Age
18:29 Wheelbarrow
17:51 Gold Mining
18:54 Scale Barding Armor
22:17 Forging
24:06 Hand Cart
25:28 Bow Saw
25:52 Town Watch
27:31 Stone Mining
MatMarra
9:19 Feudal Age
9:53 Double-Bit Axe
9:51 Domestication
18:46 Castle Age
17:25 Gold Mining
17:29 Stone Mining
19:00 Forging
Connection lost

Rejoining the realm…

Still unreachable

The connection could not be restored.

Session expired

The server has moved on; the page needs a fresh start.